 Dungeon Crawl Stone Soup version 0.28.0-45-g0d030f2227 (webtiles) character file.

Game seed: 2525777584873797223

338 101zpm the Magician (level 6, -4/41 HPs)
             Began as a Djinni Ice Elementalist on Apr 10, 2022.
             Slain by Edmund
             ... wielding a +6 flail of draining
              (12 damage)
             ... on level 4 of the Dungeon.
             The game lasted 00:20:16 (5039 turns).

101zpm the Magician (Djinni Ice Elementalist)       Turns: 5039, Time: 00:20:16

Health: -4/41      AC:  4    Str:  7    XL:     6   Next: 85%
Gold:   161        EV: 13    Int: 19    God:
                   SH:  0    Dex: 13

rFire   + + +      SeeInvis .   n - staff of cold
rCold   + . .      Faith    .   (no shield)
rNeg    . . .      Spirit   .   k - +2 robe {rC+ rF+}
rPois   ∞          Reflect  .   (no helmet)
rElec   .          Harm     .   (no cloak)
rCorr   .          Rampage  .   (no gloves)
Will    .....                   (boots unavailable)
Stlth   ++........              (no amulet)
HPRegen 0.13/turn               (no ring)
MPRegen 0.00/turn               (no ring)

@: flying
A: sickness immunity, fire resistance 2, cold vulnerability 1, float, innate
caster, HP casting, extra vitality 1
a: no special abilities


You were on level 4 of the Dungeon.
You visited 1 branch of the dungeon, and saw 4 of its levels.

You collected 161 gold pieces.

Inventory:

Missiles
 g - 7 javelins
 j - 6 silver javelins
Armour
 k - a +2 robe of resistance (worn)
Magical Staves
 n - a staff of cold (weapon)
Wands
 i - a wand of flame (19)
Scrolls
 a - a scroll of identify {unknown}
 c - a scroll of fear {unknown}
 d - a scroll of enchant weapon {unknown}
 e - a scroll of vulnerability {unknown}
 l - 2 scrolls of noise
 m - a scroll of teleportation {unknown}
 o - a scroll of immolation {unknown}
Potions
 b - 2 potions of heal wounds {unknown}
 f - a potion of curing {unknown}
 h - 3 potions of brilliance {unknown}


   Skills:
 + Level 0.7 Fighting
 + Level 3.1 Dodging
 + Level 2.0 Stealth
 + Level 5.5 Spellcasting


You had 2 spell levels left.
You knew the following spells:

 Your Spells              Type           Power      Damage    Failure   Level
a - Freeze                Ice            100%       1d11      1%          1
b - Frozen Ramparts       Ice            78%        1d9       3%          3
c - Ozocubu's Armour      Ice            39%        N/A       3%          3
d - Hailstorm             Conj/Ice       39%        3d9       12%         4
e - Foxfire               Conj/Fire      100%       2x1d9     1%          1
f - Call Imp              Summ           26%        N/A       1%          2
Your spell library was empty.

Dungeon Overview and Level Annotations

Branches:
Dungeon (4/15)
 Temple: D:4-7

Altars:

Shops:
D:4 [[

Annotations:
D:2 Natasha
D:3 3 runed translucent doors, Peloso's ghost, amateur MiFi
D:4 Blork the orc; Edmund


Innate Abilities, Weirdness & Mutations

You are immune to sickness and miasma.
You are immune to poison.
Your flesh is very heat resistant. (rF++)
You are vulnerable to cold. (rC-)
You float through the air rather than walking.
You learn spells naturally, not from books.
Your magical power is your life essence.
You have superior vitality. (+4 MHP)


Message History

Edmund closely misses you.
Aiming: Freeze (safe; 1% risk of failure)
Press: ? - help, Q - select action, (/) - cycle Shift-Dir - straight line, f/p - Edmund
Aim: Edmund, wielding a +6 flail of draining and wearing a +0 chain mail (lightly wounded)
You feel a surge of power!
You freeze Edmund.
Edmund is lightly wounded.
Edmund hits you with a +6 flail of draining!
Aiming: Freeze (safe; 1% risk of failure)
Press: ? - help, Q - select action, (/) - cycle Shift-Dir - straight line, f/p - Edmund
Aim: Edmund, wielding a +6 flail of draining and wearing a +0 chain mail (lightly wounded)
You feel a surge of power!
You freeze Edmund.
Edmund is moderately wounded.
Edmund hits you with a +6 flail of draining!
Aiming: Freeze (safe; 1% risk of failure)
Press: ? - help, Q - select action, (/) - cycle Shift-Dir - straight line, f/p - Edmund
Aim: Edmund, wielding a +6 flail of draining and wearing a +0 chain mail (moderately wounded, ally target)
You feel a surge of power!
You freeze Edmund!
Edmund is moderately wounded.
Edmund barely misses you.
Aiming: Freeze (safe; 1% risk of failure)
Press: ? - help, Q - select action, (/) - cycle Shift-Dir - straight line, f/p - Edmund
Aim: Edmund, wielding a +6 flail of draining and wearing a +0 chain mail (moderately wounded, ally target)
You feel a surge of power!
You freeze Edmund!
Edmund is heavily wounded.
Edmund closely misses you.
Your crimson imp hits Edmund but does no damage.
Aiming: Freeze (safe; 1% risk of failure)
Press: ? - help, Q - select action, (/) - cycle Shift-Dir - straight line, f/p - Edmund
Aim: Edmund, wielding a +6 flail of draining and wearing a +0 chain mail (heavily wounded, ally target)
You feel a surge of power!
You freeze Edmund!
Edmund is severely wounded.
Edmund hits you with a +6 flail of draining!
* * * LOW HITPOINT WARNING * * *
Your crimson imp hits Edmund but does no damage.
Your crimson imp hits Edmund but does no damage.
Edmund gestures with his flail.
There is a stone staircase leading up here.
Sorry, you're not good enough to have a special ability.
Edmund hits you with a +6 flail of draining!
You die...

.....#########...###+#####+##..#
.....##...####...#...........###
####'##...#......+...........#
..........#......#...........#
..........#......#...........#
..........#......#...........####
..........#......#...............
.....####'#####'##...............
######..........@.....##+####....
#..........@.....#.....#....
#................#.....#....
#...............÷.)....#....
#.............###......#....
#.....######.## ##..........
#.....#......# #.#.#.#.#..
#...>.#......# #.#.#.#.#..
#......# #.#.#.#.#..


You could see Edmund.

Vanquished Creatures
  A black bear (D:4)
  A gnoll shaman (D:4)
  Jessica (D:2)
  4 gnolls (D:2)
  4 adders
  A worm (D:3)
  A dart slug (D:1)
  2 orcs (D:3)
  3 bats
  3 endoplasms
  3 giant cockroaches
  6 hobgoblins
  3 jackals (D:1)
  2 kobolds
  12 ball pythons
  A frilled lizard (D:1)
  4 goblins
  4 rats
56 creatures vanquished.

Vanquished Creatures (collateral kills)
  An iguana (D:4)
  Natasha (D:2)
  A dart slug (D:4)
  2 ball pythons (D:4)
  A giant cockroach (D:4)
6 creatures vanquished.

Vanquished Creatures (others)
  67 foxfires
  2 plants (D:2)
69 creatures vanquished.

Grand Total: 131 creatures vanquished

Notes
Turn   | Place    | Note
-------+----------+-------------------------------------------
     0 | D:1      | 101zpm the Djinni Ice Elementalist began the quest for the
                  | Orb.
     0 | D:1      | Reached XP level 1. HP: 15/15 MP: 0/0
   565 | D:1      | Reached XP level 2. HP: 19/21 MP: 0/0
  1113 | D:1      | Reached XP level 3. HP: 18/25 MP: 0/0
  1113 | D:1      | Learned a level 1 spell: Foxfire
  1529 | D:2      | Found a faded altar of an unknown god.
  1647 | D:2      | Reached skill level 4 in Spellcasting
  1647 | D:2      | Reached XP level 4. HP: 24/31 MP: 0/0
  1959 | D:2      | Noticed Jessica
  2754 | D:2      | Killed Jessica
  2755 | D:2      | Reached XP level 5. HP: 14/35 MP: 0/0
  2755 | D:2      | Learned a level 2 spell: Call Imp
  3001 | D:2      | Noticed Natasha
  3230 | D:2      | Killed Natasha
  3554 | D:2      | Noticed Natasha
  4128 | D:3      | Found a runed translucent gate.
  4129 | D:3      | Found a runed translucent gate.
  4131 | D:3      | Found a runed translucent gate.
  4132 | D:3      | Noticed Peloso's ghost (amateur MiFi)
  4611 | D:4      | Noticed Blork the orc
  4694 | D:4      | Reached skill level 5 in Spellcasting
  4694 | D:4      | Reached XP level 6. HP: 35/41 MP: 0/0
  4779 | D:4      | Found Fous's Armour Boutique.
  4857 | D:4      | Found Zonoam's Armour Emporium.
  4885 | D:4      | Noticed a black bear
  4891 | D:4      | Killed a black bear
  5003 | D:4      | Noticed Edmund
  5039 | D:4      | Slain by Edmund

Illustrated notes

Levels and vault maps discovered:
D:1:      heliophobic_arrival_battle_scene, layout_rooms
D:2:      layout_basic, dreamdust_ecumenical_altar_grove, minmay_tromino_mix6,
          uniq_jessica, uniq_natasha
D:3:      layout_basic, gammafunk_ghost_split
D:4:      layout_gridville, serial_shops, nicolae_inconvenience_store,
          nicolae_take_the_stairs, nicolae_shop_crystal, shop,
          minmay_manual_maat, uniq_duvessa, uniq_edmund, uniq_blork_the_orc

Skill      XL: |  1  2  3  4  5  6 |
---------------+-------------------+-----
Dodging        | 3 |  3.1
Spellcasting   | 4 5 |  5.5
Stealth        | 2 |  2.0
Fighting       | |  0.7

Action                   |  1- 3 |  4- 6 || total
-------------------------+-------+-------++-------
Melee: Unarmed           |    13 |       ||    13
       Punch             |     1 |       ||     1
 Cast: Freeze            |    45 |    39 ||    84
       Foxfire           |     1 |    45 ||    46
       Call Imp          |       |    16 ||    16
       Frozen Ramparts   |       |     2 ||     2
  Use: Scroll            |       |     1 ||     1
 Stab: Distracted        |     1 |       ||     1
Armor: Robe              |     9 |     1 ||    10
Dodge: Dodged            |    29 |    19 ||    48
